 Dungeon Crawl Stone Soup version 0.28-a0-773-g130ae17fe5 (webtiles) character file.

Game seed: 14377058114651946803

16 horus123 the Firebug (level 2, 0/24 HPs)
             Began as a Human Cinder Acolyte on Nov 1, 2021.
             Was a High Priest of Ignis.
             Slain by a bat (1 damage)
             ... on level 1 of the Dungeon on Nov 2, 2021.
             The game lasted 00:02:10 (743 turns).

horus123 the Firebug (Human Cinder Acolyte)          Turns: 743, Time: 00:02:11

Health: 0/24       AC:  2    Str: 14    XL:     2   Next: 75%
Magic:  3/3        EV: 11    Int: 14    God:    Ignis [*****.]
Gold:   0          SH:  0    Dex:  8    Spells: 1/3 levels left

rFire   + . .      SeeInvis .   a - -1 falchion (flame)
rCold   . . .      Faith    .   (no shield)
rNeg    . . .      Spirit   .   b - +0 robe
rPois   .          Reflect  .   (no helmet)
rElec   .          Harm     .   (no cloak)
rCorr   .          Rampage  .   (no gloves)
Will    .....                   (no boots)
Stlth   +.........              (no amulet)
HPRegen 0.08/turn               (no ring)
MPRegen 0.08/turn               (no ring)

@: lethally poisoned (0 -> -1)
A: no striking features
a: Renounce Religion, Sea of Fire, Foxfire Swarm, Rising Flame


You were on level 1 of the Dungeon.
You worshipped Ignis.
Ignis was extremely pleased with you.
You visited 1 branch of the dungeon, and saw 1 of its levels.

Inventory:

Hand Weapons
 a - a -1 falchion of flaming (weapon)
Armour
 b - a +0 robe (worn)


   Skills:
 + Level 3.1 Fighting
 + Level 3.1 Long Blades
 + Level 0.7 Dodging
 + Level 1.2 Spellcasting
 + Level 3.3 Fire Magic


You had one spell level left.
You knew the following spells:

 Your Spells              Type           Power      Damage    Failure   Level
a - Scorch                Fire           20%        2d6       10%         2

Your spell library contained the following spells:

 Spells                   Type           Power      Damage    Failure   Level


Dungeon Overview and Level Annotations

Branches:
Dungeon (1/15)

Altars:


Message History

The ball python constricts you.
You hit the ball python. You burn the ball python.
You kill the ball python!
The kobold throws a stone.
The stone closely misses you. The kobold barely misses you.
Things that are here:
a ball python corpse; a frilled lizard corpse You hit the kobold but do no damage.
The kobold barely misses you.
You barely miss the kobold.
A bat comes into view.
The kobold barely misses you.
You closely miss the kobold.
The kobold hits you with a +0 whip of venom.
You are lethally poisoned!
The kobold closely misses you.
You hit the kobold. You burn the kobold.
You kill the kobold!
* * * LOW HITPOINT WARNING * * *
You feel sick. The bat hits you but does no damage.
You hit the bat. You burn the bat.
The bat is severely wounded.
* * * LOW HITPOINT WARNING * * *
You feel sick. The bat hits you but does no damage.
* * * LOW HITPOINT WARNING * * *
You feel sick. The bat hits you but does no damage.
Things that are here:
a +0 whip of venom; 4 stones
* * * LOW HITPOINT WARNING * * *
You feel sick. The bat closely misses you.
Okay, then.
You are too injured to fight recklessly!
You miss the bat.
The bat is moderately wounded.
* * * LOW HITPOINT WARNING * * *
You feel sick. The bat barely misses you.
You miss the bat.
The bat is moderately wounded.
* * * LOW HITPOINT WARNING * * *
You feel sick. The bat hits you.
You die...

.........# .........#
### # .........# ..# #
.........# #.# #
.........# #.# ####
.........# #.#### #..##
......b..# ####....#
....## .......@.#
#....##.# .....##
.....>..)####.##.##.####
†......
#########†.......##....#
#.###.# #####.##.#####.#
....# #.########.# #.#.#
#..........# #.#.#
#########..# ....# #..#
#.### #..#


You could see a bat.

Vanquished Creatures
  2 ball pythons (D:1)
  A giant cockroach (D:1)
  A hobgoblin (D:1)
  2 kobolds (D:1)
  4 quokkas (D:1)
  A bat (D:1)
  3 frilled lizards (D:1)
  A goblin (D:1)
15 creatures vanquished.

Notes
Turn   | Place    | Note
-------+----------+-------------------------------------------
     0 | D:1      | horus123 the Human Cinder Acolyte began the quest for the
                  | Orb.
     0 | D:1      | Reached XP level 1. HP: 18/18 MP: 2/2
   288 | D:1      | Reached XP level 2. HP: 19/24 MP: 3/3
   299 | D:1      | Learned a level 2 spell: Scorch
   743 | D:1      | HP: 1/24 [poisoned by a kobold]
   743 | D:1      | Slain by a bat

Illustrated notes

Levels and vault maps discovered:
D:1:      dpeg_arrival_ratfight, layout_basic,
          shapermc_ecumenical_altar_mp_urbaneastern, minivault_19

Action                   || total
-------------------------++-------
Melee: Falchion          ||    63
 Cast: Scorch            ||     2
Armor: Robe              ||    18
Dodge: Dodged            ||    37

Table legend: (Time is in decaauts)
 A = Elapsed time spent in this place.
 B = Non-inter-level travel time spent in this place.
 C = Inter-level travel time spent in this place.
 D = Time resting spent in this place.
 E = Time spent auto-exploring this place.
 F = Levels seen in this place.
 G = Mean time per level.
                   A        B        C        D        E       F      G
               +--------+--------+--------+--------+--------+-----+--------+
         Total |    752 |    752 |      0 |    411 |    223 |   1 |  752.0 |
       Dungeon |    752 |    752 |      0 |    411 |    223 |   1 |  752.0 |
               +--------+--------+--------+--------+--------+-----+--------+

Top non-repeatable levels by time:
     D:1: 752 daAuts
